 Dungeon Crawl Stone Soup version 0.31-a0-166-g46f44d267d (webtiles) character file.

Game seed: 3798995129482141606

44186 alignant the Stickfighter (level 13, -1/125 HPs)
             Began as a Minotaur Berserker on June 14, 2023.
             Was a High Priest of Trog.
             Slain by an azure jelly (4 damage)
             ... on level 1 of the Pits of Slime.
             The game lasted 00:49:40 (15164 turns).

alignant the Stickfighter (Minotaur Berserker)     Turns: 15164, Time: 00:49:41

Health: -1/125     AC: 16    Str: 26    XL:     13   Next: 94%
Magic:  12/12      EV: 35    Int:  6    God:    Trog [*****.]
Gold:   2367       SH:  0    Dex: 13    Spells: 12/12 levels left

rFire   + . .        h - +12 glaive of Prune {freeze, Prune}
rCold   + + +        (shield currently unavailable)
rNeg    . . .        y - +3 ring mail {rC+}
rPois   +            M - +0 hat {Stlth+}
rElec   .            v - +2 cloak {rPois}
rCorr   +            t - +2 pair of gloves "Hireis" {rF+ Regen+ Int+2}
SInv    .            S - +2 pair of boots
Will    .....        z - amulet "Fetseus" {Acrobat -Tele rC+++ Dex+2}
Stlth   +            i - ring of resist corrosion
HPRegen 1.20/turn    w - +5 ring of evasion
MPRegen 0.13/turn

%: no teleportation, acrobat
@: confused, corroded, acrobatic
A: horns 2, retaliatory headbutt, subdued magic 1
a: Renounce Religion, Berserk, Trog's Hand, Brothers in Arms


You were on level 1 of the Pits of Slime.
You worshipped Trog.
Trog was extremely pleased with you.
You visited 3 branches of the dungeon, and saw 16 of its levels.
You also visited: Ossuary.

You collected 2367 gold pieces.

Inventory:

Hand Weapons
 h - the +12 glaive of Prune (weapon) {freeze, Prune}
   (You found it on level 1 of the Lair of Beasts)

   Prune:     It halves damage taken while paralysed, petrified or unconscious.
 u - a +5 quarterstaff of chaos
Missiles
 D - a throwing net
Armour
 t - the +2 pair of gloves "Hireis" (worn) {rF+ Regen+ Int+2}
   (You found it on level 2 of the Dungeon)

   Int:       It affects your intelligence (+2).
   rF:        It protects you from fire.
   Regen:     It increases your rate of health regeneration.
 v - a +2 cloak of poison resistance (worn)
 y - a +3 ring mail of cold resistance (worn)
 M - a +0 hat of stealth (worn)
 S - a +2 pair of boots (worn)
Jewellery
 c - a ring of poison resistance
 i - a ring of resist corrosion (left hand)
 w - a +5 ring of evasion (right hand)
 z - the amulet "Fetseus" (around neck) {Acrobat -Tele rC+++ Dex+2}
   (You found it on level 4 of the Dungeon)

   [amulet of the acrobat]

   It increases your evasion while moving and waiting.
   Dex:       It affects your dexterity (+2).
   rC:        It renders you almost immune to cold.
   -Tele:     It prevents most forms of teleportation.
 E - an amulet of reflection
 O - a ring of protection from fire
Wands
 A - a wand of flame (55)
 B - a wand of digging (7)
 C - a wand of polymorph (4)
 G - a wand of roots (10)
 I - a wand of mindburst (5)
 T - a wand of charming (4)
Scrolls
 b - 2 scrolls of torment
 d - 9 scrolls of teleportation
 e - 2 scrolls of fog
 g - a scroll of identify
 p - 2 scrolls of blinking
 x - a scroll of revelation
 F - a scroll of vulnerability
 N - 5 scrolls of poison
 P - 4 scrolls of fear {unknown}
 Q - a scroll of silence {unknown}
 R - a scroll of amnesia {unknown}
Potions
 j - a potion of magic {unknown}
 k - 5 potions of enlightenment
 l - 8 potions of curing (quivered)
 m - 2 potions of lignification {unknown}
 n - 2 potions of haste {unknown}
 o - 5 potions of cancellation
 q - 2 potions of mutation
 r - 4 potions of brilliance {unknown}
 s - 3 potions of attraction {unknown}
 H - 2 potions of berserk rage {unknown}
 J - a potion of heal wounds {unknown}
 K - 3 potions of might
 L - a potion of ambrosia {unknown}


   Skills:
 + Level 14.6 Fighting
 - Level 3.6(10.1) Axes
 * Level 14.5(17.4) Polearms
 - Level 15.6(17.8) Staves
 + Level 10.6 Armour
 + Level 9.1 Dodging


You had 12 spell levels left.
You didn't know any spells.
Your spell library was empty.

Dungeon Overview and Level Annotations

Branches:
Dungeon (10/15)            Temple (0/1) D:4            Lair (5/5) D:10
  Swamp (0/4) Lair:3        Snake (0/4) Lair:3        Slime (1/5) Lair:5
    Orc (0/2) D:9         Ossuary (visited)

Altars:
Elyvilon
Kikubaaqudgha
Nemelex Xobeh
Qazlal
Ru
Trog
Uskayaw
Wu Jian
Xom
Yredelemnul
Zin

Annotations:
D:9 2 transporters, paps's ghost, novice OpFi


Innate Abilities, Weirdness & Mutations

You have a pair of horns on your head.
You reflexively headbutt those who attack you in melee.
Your spells are a little easier to cast, but a little less powerful.


Message History

You are more confused.
You hit the acid blob. You freeze the acid blob.
Your hands burn!
The acid blob is severely wounded.
The acid blob hits you!! The acid corrodes you!
You are splashed with acid.
You resist. The slime creature hits you.
The slime creature completely misses you.
The golden eye blinks at you. You resist with some effort.
You slash the slime creature! You freeze the slime creature.
You kill the slime creature!
Trog accepts your kill. The acid blob hits you!!
You are splashed with acid.
You resist. The slime creature closely misses you.
The golden eye blinks at you.
You are more confused.
Okay, then.
You're too confused to move!
The acid blob jiggles.
The acid blob hits you!
You are splashed with acid.
You resist.
* * * LOW HITPOINT WARNING * * *
The golden eye blinks!
The slime creature hits you but does no damage.
The acid blob misses you. The acid blob hits you!!
* * * LOW HITPOINT WARNING * * *
You are splashed with acid.
You resist.
* * * LOW HITPOINT WARNING * * *
The slime creature attacks as you move away!
The slime creature misses you.
Acid dripping from the walls corrodes you.
The golden eye blinks at you.
You are more confused.
A slime creature comes into view.
The acid blob spits acid at you. The splash of acid hits you! You resist.
* * * LOW HITPOINT WARNING * * *
The golden eye blinks at you.
The slime creature quivers.
The azure jelly hits you.
You die...

.##..#...#.##..
............... ..
#....<...#
....###........####..
....#.#..............
.......#.#...........
.........G......J....
................J...#
.......J@....#####.##
.......J.J#.### .#
..>...........## #
.....JJ........#
...........##.##
...........####
........#.##
....#..#### .....##


You could see an acid blob, an azure jelly, 3 slime creatures and a golden eye.

Vanquished Creatures
  Gastronok (Lair:1)
  A rockslime (Lair:5)
  A fire dragon (Lair:5)
  Erica (D:10)
  6 hydras
  A catoblepas (Lair:4)
  4 two-headed ogres
  A boulder beetle (Lair:2)
  4 death yaks (Lair:1)
  Sonja (D:10)
  A fire crab (Lair:5)
  An ugly thing (D:10)
  4 black mambas
  Joseph (D:7)
  2 molten gargoyles (Lair:5)
  18 cane toads
  A torpor snail (Lair:1)
  Maggie (Lair:1)
  9 komodo dragons
  An efreet (D:10)
  2 rime drakes
  5 blink frogs
  Prince Ribbit (D:5)
  5 dream sheep (Lair:5)
  5 slime creatures
  40 yaks
  5 wyverns
  3 golden eyes
  9 basilisks
  3 steam dragons
  3 nagas (Lair:3)
  An acid dragon (D:10)
  3 hell hounds (Lair:5)
  A swamp worm (Lair:3)
  13 water moccasins
  2 black bears
  A swamp drake (D:9)
  An ice beast (D:5)
  7 orc warriors
  3 sky beasts (D:7)
  An ogre (D:5)
  A centaur (D:10)
  A phantom (D:6)
  Blork the orc (D:5)
  2 kobold brigands
  18 bullfrogs
  5 necrophages (Lair:4)
  2 scorpions
  4 wights (D:8)
  12 killer bees
  5 howler monkeys
  5 lava snakes (Lair:5)
  5 jellies
  A gnoll bouda (D:7)
  Crazy Yiuf (D:2)
  2 hounds
  10 orc priests
  A sleepcap (D:5)
  6 orc wizards
  Ijyb (D:5)
  Terence (D:2)
  An iguana (D:6)
  5 hell rats (Lair:5)
  15 gnolls
  7 adders
  A white imp (D:7)
  55 orcs
  5 ball pythons
  8 endoplasms
  A giant cockroach (D:3)
  12 hobgoblins
  8 jackals
  19 kobolds
  2 quokkas (D:1)
  5 bats
  4 frilled lizards
  11 goblins
  A kobold zombie (Ossuary)
  5 rats
423 creatures vanquished.

Vanquished Creatures (others)
  5 dream sheep (D:8)
  Sigmund (D:2)
  An orc warrior (D:8)
  An orc zombie (D:4)
  An orc (D:8)
  A kobold zombie (D:4)
10 creatures vanquished.

Grand Total: 433 creatures vanquished

Notes
Turn   | Place    | Note
-------+----------+-------------------------------------------
     0 | D:1      | alignant the Minotaur Berserker began the quest for the
                  | Orb.
     0 | D:1      | Reached XP level 1. HP: 19/19 MP: 0/0
   164 | D:1      | Reached XP level 2. HP: 19/27 MP: 1/1
   509 | D:1      | Found a faded altar of an unknown god.
   992 | D:2      | Reached skill level 5 in Fighting
   992 | D:2      | Reached XP level 3. HP: 36/36 MP: 2/2
  1158 | D:2      | Reached ** piety under Trog
  1217 | D:2      | Noticed Terence
  1231 | D:2      | Killed Terence
  1232 | D:2      | Reached XP level 4. HP: 18/44 MP: 3/3
  1425 | D:2      | Noticed Sigmund
  1463 | D:2      | Killed Sigmund
  1464 | D:2      | Reached XP level 5. HP: 31/51 MP: 4/4
  1593 | D:2      | Identified the +2 pair of gloves "Hireis" {rF+ Regen+
                  | Int+2}
  1744 | D:2      | Found a runed translucent door.
  1745 | D:2      | Noticed Crazy Yiuf
  1925 | D:2      | Reached XP level 6. HP: 57/58 MP: 5/5
  2153 | D:2      | Killed Crazy Yiuf
  2154 | D:2      | Reached skill level 5 in Armour
  2695 | D:3      | Reached *** piety under Trog
  3105 | D:4      | Reached skill level 1 in Staves
  3219 | D:4      | Reached skill level 2 in Staves
  3219 | D:4      | Reached XP level 7. HP: 67/67 MP: 6/6
  3266 | D:4      | Found a sacrificial altar of Ru.
  3489 | D:4      | Found a bloodstained altar of Trog.
  3595 | D:4      | Found a staircase to the Ecumenical Temple.
  3595 | D:4      | Identified the amulet "Fetseus" {Acrobat -Tele rC+++ Dex+2}
  3799 | D:5      | Entered Level 5 of the Dungeon
  3801 | D:5      | Reached skill level 3 in Staves
  3809 | D:5      | Noticed Prince Ribbit
  3817 | D:5      | Killed Prince Ribbit
  3818 | D:5      | Reached skill level 4 in Staves
  3931 | D:5      | Noticed Ijyb
  3935 | D:5      | Reached skill level 5 in Staves
  3942 | D:5      | Killed Ijyb
  3943 | D:5      | Reached XP level 8. HP: 42/74 MP: 7/7
  3980 | D:5      | Found a sand-covered staircase.
  3989 | Ossuary  | Entered an ossuary
  4058 | D:5      | Noticed Blork the orc
  4123 | D:5      | Killed Blork the orc
  4294 | D:5      | Reached skill level 6 in Staves
  4798 | D:6      | Reached skill level 7 in Staves
  4948 | D:6      | Reached **** piety under Trog
  5147 | D:6      | Reached skill level 8 in Staves
  5166 | D:6      | Reached XP level 9. HP: 82/82 MP: 8/8
  5166 | D:6      | Identified a scroll of acquirement
  5166 | D:6      | Acquired 972 gold pieces
  5338 | D:6      | Noticed a two-headed ogre
  5344 | D:6      | Killed a two-headed ogre
  5345 | D:6      | Reached skill level 9 in Staves
  5589 | D:7      | Found a white marble altar of Elyvilon.
  5590 | D:7      | Found a stormy altar of Qazlal.
  5591 | D:7      | Found an ancient bone altar of Kikubaaqudgha.
  5591 | D:7      | Noticed Joseph
  5611 | D:7      | Killed Joseph
  5612 | D:7      | Reached skill level 10 in Staves
  5830 | D:7      | Reached skill level 5 in Dodging
  5840 | D:7      | Reached ***** piety under Trog
  5969 | D:8      | Found a shimmering altar of Xom.
  6031 | D:8      | Received a gift from Trog
  6032 | D:8      | Reached skill level 11 in Staves
  6037 | D:8      | Reached XP level 10. HP: 84/93 MP: 9/9
  6123 | D:8      | Reached skill level 10 in Fighting
  6160 | D:8      | Noticed a two-headed ogre
  6178 | D:8      | Killed a two-headed ogre
  6199 | D:8      | Reached skill level 12 in Staves
  6598 | D:8      | Found a glowing silver altar of Zin.
  6769 | D:9      | Found a sparkling altar of Nemelex Xobeh.
  6865 | D:9      | Found a transporter.
  6877 | D:9      | Noticed a manticore
  6892 | D:9      | Noticed a fire dragon
  6913 | D:9      | Noticed a two-headed ogre
  6922 | D:9      | Killed a two-headed ogre
  6971 | D:9      | Found a transporter.
  6973 | D:9      | Noticed a moth of wrath
  6981 | D:9      | Noticed paps's ghost (novice OpFi)
  7089 | D:9      | Found a staircase to the Orcish Mines.
  7121 | D:9      | Reached skill level 13 in Staves
  7449 | D:9      | Noticed a two-headed ogre
  7455 | D:9      | Killed a two-headed ogre
  7622 | D:10     | Entered Level 10 of the Dungeon
  7630 | D:10     | Reached XP level 11. HP: 102/102 MP: 10/10
  7965 | D:10     | Reached skill level 14 in Staves
  8099 | D:10     | Found a basalt altar of Yredelemnul.
  8101 | D:10     | Noticed Erica
  8107 | D:10     | Killed Erica
  8114 | D:10     | Noticed a cyan ugly thing
  8123 | D:10     | Killed a cyan ugly thing
  8208 | D:10     | Noticed Sonja
  8219 | D:10     | Killed Sonja
  8368 | D:10     | Found a staircase to the Lair.
  8485 | D:10     | Found an ornate altar of the Wu Jian Council.
  8687 | D:10     | Found a hide-covered altar of Uskayaw.
  8912 | Lair:1   | Entered Level 1 of the Lair of Beasts
  8996 | Lair:1   | Reached skill level 15 in Staves
  9125 | Lair:1   | Noticed a death yak
  9125 | Lair:1   | Noticed a death yak
  9126 | Lair:1   | Noticed a death yak
  9153 | Lair:1   | Killed a death yak
  9157 | Lair:1   | Killed a death yak
  9162 | Lair:1   | Killed a death yak
  9163 | Lair:1   | Reached XP level 12. HP: 113/113 MP: 11/11
  9374 | Lair:1   | Found the +12 glaive of Prune {freeze, Prune}
  9483 | Lair:1   | Identified the +7 lajatang of the Snake Pit {heavy, rF+++
                  | rC++ Dex-2 Stlth+} (Trog gifted it to you on level 1 of the
                  | Lair of Beasts)
  9483 | Lair:1   | Received a gift from Trog
  9484 | Lair:1   | Reached skill level 1 in Polearms
  9484 | Lair:1   | Noticed Maggie
  9492 | Lair:1   | Killed Maggie
  9543 | Lair:1   | Noticed a death yak
  9554 | Lair:1   | Killed a death yak
  9624 | Lair:1   | Noticed Gastronok
  9634 | Lair:1   | Killed Gastronok
  9635 | Lair:1   | Reached skill level 5 in Polearms
 10075 | Lair:2   | Noticed a six-headed hydra
 10085 | Lair:2   | Killed a seven-headed hydra
 10161 | Lair:2   | Noticed a boulder beetle
 10189 | Lair:2   | Killed a boulder beetle
 11445 | Lair:3   | Noticed an eight-headed hydra
 11452 | Lair:3   | Killed an eight-headed hydra
 11453 | Lair:3   | Reached skill level 10 in Armour
 11595 | Lair:3   | Reached skill level 10 in Polearms
 11637 | Lair:3   | Received a gift from Trog
 11642 | Lair:3   | Reached XP level 13. HP: 123/123 MP: 12/12
 11642 | Lair:3   | Found a staircase to the Snake Pit.
 11946 | Lair:3   | Found a staircase to the Swamp.
 13136 | Lair:5   | Entered Level 5 of the Lair of Beasts
 13669 | Lair:5   | Found a staircase to the Slime Pits.
 13933 | Lair:5   | Identified the +4 glaive of the Morning {heavy, Contam
                  | +Blink rF++ Dex+3} (Trog gifted it to you on level 5 of the
                  | Lair of Beasts)
 13933 | Lair:5   | Received a gift from Trog
 13970 | Lair:5   | Gained mutation: Your spells are a little easier to cast,
                  | but a little less powerful. [mutagenic glow]
 14339 | Lair:5   | Found a large runed translucent door.
 14340 | Lair:5   | Found a large runed translucent door.
 14342 | Lair:5   | Noticed a fire dragon
 14423 | Lair:5   | Killed a fire dragon
 14976 | Slime:1  | Entered Level 1 of the Pits of Slime
 14976 | Slime:1  | Noticed a rockslime
 15006 | Lair:5   | Killed a rockslime
 15150 | Slime:1  | Noticed an acid blob
 15156 | Slime:1  | Noticed an azure jelly
 15163 | Slime:1  | HP: 1/125 [acid blob/splash of acid (15)]
 15164 | Slime:1  | Slain by an azure jelly

Illustrated notes

Levels and vault maps discovered:
D:1:      minmay_arrival_up_and_down, layout_loops_ring,
          shapermc_ecumenical_altar_acropolis
D:2:      cheibrodos_greedy_goblins, layout_basic, grunt_decor_junction,
          minmay_misc_feat_square, chequers_serial_rivers_small_b, uniq_sigmund,
          uniq_terence, uniq_crazy_yiuf_cottage
D:3:      layout_rooms, chequers_big_river, minmay_door_square, minmay_between
D:4:      layout_rooms, nicolae_overflow_hidden_temple,
          mainiacjoe_overflow_six_doors_small, temple_hall, minivault_25
D:5:      layout_loops_cross, chequers_ossuary_entry_cave, uniq_blork_the_orc,
          uniq_prince_ribbit1, uniq_ijyb
D:6:      layout_loops_ring, grunt_ministairs_5, minmay_misc_feat_rows
D:7:      layout_rooms, chequers_temple_overflow_statue_of_worship, uniq_joseph
D:8:      layout_loops_ring, kb_xom_exploding_sheep, zin_statuary
D:9:      layout_loops_ring, nemelex_xobeh_ov_fountains_minmay, erik_orc_1,
          gammafunk_ghost_berserking_beasts
D:10:     layout_layer_cave, nicolae_uskayaw_suspiria,
          nzn_wu_jian_contemplation, mainiacjoe_overflow_paths,
          grunt_lair_entry_orc_guard_hut, uniq_erica, uniq_sonja
Lair:1:   layout_cave_pods, uniq_maggie, uniq_gastronok
Lair:2:   layout_cave_pods, eino_small_chamber_without_monster,
          grunt_forest_stairs_basic
Lair:3:   layout_regular_city, palyth_hydra_swamp_entry,
          guppyfry_snake_entry_island, st_stairs_9
Lair:4:   layout_loops_ring, columned_hall_lemuel, roderic_carrion_pond
Lair:5:   cheibrodos_lair_end_hotspot, layout_layer_cave,
          nicolae_slime_entry_slimehenge
Slime:1:  layout_caves

Skill      XL: |  1  2  3  4  5  6  7  8  9 10 11 12 13 |
---------------+----------------------------------------+-----
Fighting       | 4 5 6 7 8 9 11 12 13 14 | 14.6
Armour         | 3 4 5 6 7 8 9 10 | 10.6
Staves         | 2 5 8 11 13 15 | 15.6
Dodging        | 3 5 6 7 8 9 |  9.1
Polearms       | 10 14 | 14.5
Axes           | |  3.6

Action                     |  1- 3 |  4- 6 |  7- 9 | 10-12 | 13-15 || total
---------------------------+-------+-------+-------+-------+-------++-------
  Melee: Hand axe          |    64 |    33 |       |       |       ||    97
         Headbutt          |     7 |     9 |    37 |    82 |    45 ||   180
         Punch             |       |     1 |       |       |       ||     1
         Quarterstaff      |       |    69 |   189 |   260 |    30 ||   548
         Unarmed           |       |       |     9 |       |       ||     9
         Glaive            |       |       |       |   110 |   198 ||   308
 Invoke: Berserk           |     1 |     2 |     1 |     1 |     3 ||     8
    Use: Scroll            |       |       |     9 |     5 |     4 ||    18
         Potion            |       |       |     1 |       |       ||     1
   Stab: Paralysed         |       |     1 |       |       |     1 ||     2
         Confused          |       |       |       |     2 |     1 ||     3
         Sleeping          |       |       |       |     1 |     1 ||     2
 Armour: Animal skin       |     5 |       |       |       |       ||     5
         Ring mail         |    12 |    54 |    54 |    80 |   114 ||   314
         Skin              |       |       |    16 |       |       ||    16
  Dodge: Dodged            |    48 |   101 |   207 |   285 |   233 ||   874

Table legend: (Time is in decaauts)
 A = Elapsed time spent in this place.
 B = Non-inter-level travel time spent in this place.
 C = Inter-level travel time spent in this place.
 D = Time resting spent in this place.
 E = Time spent auto-exploring this place.
 F = Levels seen in this place.
 G = Mean time per level.
                   A        B        C        D        E       F      G
               +--------+--------+--------+--------+--------+-----+--------+
         Total |  15173 |  14590 |    583 |    734 |  10110 |  17 |  892.5 |
       Dungeon |   8968 |   8771 |    197 |    132 |   6435 |  10 |  896.8 |
          Lair |   6125 |   5739 |    386 |    602 |   3674 |   5 | 1225.0 |
    Slime Pits |     66 |     66 |      0 |      0 |      0 |   1 |   66.0 |
       Ossuary |     13 |     13 |      0 |      0 |      0 |   1 |   13.0 |
               +--------+--------+--------+--------+--------+-----+--------+

Top non-repeatable levels by time:
  Lair:5: 1842 daAuts
     D:2: 1482 daAuts
    D:10: 1326 daAuts
  Lair:2: 1227 daAuts
  Lair:1: 1172 daAuts
  Lair:3: 1054 daAuts
     D:5: 904 daAuts
     D:9: 878 daAuts
     D:1: 870 daAuts
  Lair:4: 827 daAuts
     D:3: 815 daAuts
     D:6: 762 daAuts
     D:8: 749 daAuts
     D:4: 716 daAuts
     D:7: 461 daAuts
